 Dungeon Crawl Stone Soup version 0.30-a0-422-g946f4849ff (webtiles) character file.

Game seed: 583788791836721534

1272 retardedninja the Chopper (level 8, -12/106 HPs)
             Began as a Hill Orc Fighter on Dec 8, 2022.
             Mangled by a large slime creature (18 damage)
             ... on level 5 of the Dungeon.
             The game lasted 00:06:20 (4960 turns).

retardedninja the Chopper (Hill Orc Fighter)        Turns: 4960, Time: 00:06:21

Health: -12/106    AC: 24    Str: 21    XL:     8   Next: 53%
Magic:  8/8        EV:  2    Int:  8    God:
Gold:   336        SH:  5    Dex: 10    Spells: 7/7 levels left

rFire   . . .      SeeInvis .    a - +4 war axe
rCold   . . .      Faith    .    c - +0 buckler
rNeg    . . .      Spirit   .    (body armour currently unavailable)
rPois   +          Reflect  .    (helmet currently unavailable)
rElec   .          Harm     .    (cloak currently unavailable)
rCorr   .          Rampage  .    (gloves currently unavailable)
Will    .....      NoTele   +    (boots currently unavailable)
Stlth   +.........               k - amulet of the acrobat
HPRegen 0.37/turn                (no ring)
MPRegen 0.11/turn                (no ring)

@: tree-form
A: stationary, stasis, torment immunity, boosted hp
a: no special abilities


You were on level 5 of the Dungeon.
You were a tree.
You visited 1 branch of the dungeon, and saw 5 of its levels.
You also visited: Ossuary.

You collected 336 gold pieces.

Inventory:

Hand Weapons
 a - a +4 war axe (weapon)
Missiles
 n - 2 throwing nets (quivered)
Armour
 c - a +0 buckler (worn)
 f - a +0 plate armour (melded)
 q - a +0 pair of boots (melded)
Jewellery
 k - an amulet of the acrobat (around neck)
 l - a ring of fire
 m - a +4 ring of evasion
 v - a ring of ice
Wands
 o - a wand of roots (9)
Scrolls
 e - a scroll of poison {unknown}
 g - 2 scrolls of blinking {unknown}
 s - 2 scrolls of fear
 t - a scroll of teleportation
 w - a scroll of magic mapping
Potions
 b - 2 potions of heal wounds
 d - 3 potions of attraction
 h - 5 potions of brilliance
 i - 3 potions of lignification
 j - 4 potions of curing
 p - a potion of invisibility {unknown}
 r - a potion of ambrosia {unknown}
 u - 2 potions of flight


   Skills:
 + Level 6.9 Fighting
 + Level 7.0 Axes
 + Level 6.4 Armour
 + Level 6.4 Shields


You had 7 spell levels left.
You didn't know any spells.
Your spell library contained the following spells:

 Spells                   Type           Power      Damage    Failure   Level
 Slow                     Hex            0%         N/A       50%         1
 Blink                    Tloc           0%         N/A       63%         2
 Cigotuvi's Dreadful Rot  Necr/Pois/Air  0%         N/A       63%         2
 Ensorcelled Hibernation  Hex/Ice        0%         N/A       63%         2
 Momentum Strike          Conj/Tloc      0%         3d8       63%         2
 Confusing Touch          Hex            0%         N/A       86%         3
 Lesser Beckoning         Tloc           0%         N/A       86%         3
 Vampiric Draining        Necr           0%         2d6       86%         3
 Leda's Liquefaction      Hex/Erth       0%         N/A       99%         4
 Manifold Assault         Tloc           0%         N/A       99%         4
 Storm Form               Tmut/Air       0%         N/A       100%        7


Dungeon Overview and Level Annotations

Branches:
Dungeon (5/15)            Ossuary (visited)
 Temple: D:4-7

Altars:
Makhleb
Nemelex Xobeh
Ru
Xom
Yredelemnul

Annotations:
D:5 3 runed translucent doors, IdlyInterested's ghost, novice DsWn


Message History

The slime creature barely misses you.
There are monsters nearby!
You hit the slime creature.
The slime creature is heavily wounded.
The slime creature barely misses you.
Two slime creatures merge to form a large slime creature.
Unknown command.
It was a potion of flight.
You feel very buoyant.
You fly up into the air.
The large slime creature barely misses you.
An endoplasm comes into view.
Really quaff the potion of lignification?
You turn into a tree.
Your +0 pair of boots melds into your body.
Your +0 plate armour melds into your body.
Your roots penetrate the ground.
You block the large slime creature's attack.
You hit the large slime creature but do no damage.
The large slime creature is moderately wounded.
The large slime creature hits you!
You slash the large slime creature!
The large slime creature is moderately wounded.
The large slime creature hits you but does no damage.
You slash the large slime creature!
The large slime creature is heavily wounded.
You are no longer corroded.
The large slime creature hits you but does no damage.
You barely miss the large slime creature.
The large slime creature is heavily wounded.
The large slime creature hits you!!
You slash the large slime creature!
The large slime creature is heavily wounded.
The large slime creature hits you. The large slime creature hits you!!
* * * LOW HITPOINT WARNING * * *
A jelly comes into view.
You slash the large slime creature!
The large slime creature is severely wounded.
The large slime creature hits you!!
You die...

#.# ##.))).## #.#
#.# #.......# #.#
#.# #.......####.#
#. #.#
#..)....##...######
#.#####.#
#.......##.........
#.#.....#
#....######..######
#.#.....#
#....'..###..#
#.......#
########.##..######
#......##
#♣.)...###........
##.....# #J#######
#...##### ##....#


#JJ #...# #.#### #.J #...# #.# #.. #...# #.### #.. ###.# #...# #.. #.# ###.# #..
#.# #.## #.# You could see a large slime creature, 2 jellies and an endoplasm.

Vanquished Creatures
  An ogre (D:4)
  2 kobold brigands (D:5)
  2 scorpions (D:5)
  6 water moccasin zombies
  2 hounds
  3 jellies
  2 iguanas
  6 orc wizards (D:3)
  2 mummies (Ossuary)
  5 adders
  A white imp (D:5)
  An ufetubus (D:5)
  6 adder zombies (Ossuary)
  5 worms
  4 dart slugs
  9 orcs
  8 bats
  10 endoplasms
  A giant cockroach (D:4)
  3 hobgoblins
  3 jackals
  2 quokkas (D:3)
  10 ball pythons
  4 frilled lizards
  3 gnoll zombies (Ossuary)
  13 goblins
  4 hobgoblin zombies (Ossuary)
  7 kobolds
  5 kobold zombies (Ossuary)
  4 orc zombies (Ossuary)
  2 quokka zombies (D:4)
136 creatures vanquished.

Vanquished Creatures (others)
  9 fungi (D:5)
  6 toadstools (D:5)
15 creatures vanquished.

Grand Total: 151 creatures vanquished

Notes
Turn   | Place    | Note
-------+----------+-------------------------------------------
     0 | D:1      | retardedninja the Hill Orc Fighter began the quest for the
                  | Orb.
     0 | D:1      | Reached XP level 1. HP: 19/19 MP: 1/1
   191 | D:1      | Found a faded altar of an unknown god.
   720 | D:2      | Reached XP level 2. HP: 27/27 MP: 2/2
   736 | D:2      | Reached skill level 3 in Axes
  1106 | D:2      | Reached XP level 3. HP: 31/33 MP: 3/3
  1727 | D:3      | Reached XP level 4. HP: 40/40 MP: 4/4
  1895 | D:3      | Identified the +2 chain mail "Yddeset" {rCorr MP+9 Int-5
                  | Slay+4}
  1971 | D:3      | Reached skill level 4 in Axes
  1971 | D:3      | Reached XP level 5. HP: 37/47 MP: 5/5
  2279 | D:3      | Reached skill level 5 in Fighting
  2279 | D:3      | Reached XP level 6. HP: 32/56 MP: 6/6
  2571 | D:4      | Reached skill level 5 in Axes
  2707 | D:4      | Reached skill level 5 in Shields
  2751 | D:4      | Found a sand-covered staircase.
  2778 | Ossuary  | Entered an ossuary
  2787 | Ossuary  | Reached skill level 5 in Armour
  2846 | Ossuary  | Reached XP level 7. HP: 55/61 MP: 7/7
  3645 | D:4      | Reached skill level 6 in Axes
  3739 | D:4      | Found a burning altar of Makhleb.
  3762 | D:4      | Got the Tome of Fey Filth
  3875 | D:4      | Found a sacrificial altar of Ru.
  4123 | D:5      | Entered Level 5 of the Dungeon
  4204 | D:5      | Found a runed translucent gate.
  4204 | D:5      | Found a runed translucent gate.
  4204 | D:5      | Found a runed translucent gate.
  4204 | D:5      | Noticed IdlyInterested's ghost (novice DsWn)
  4206 | D:5      | Found a basalt altar of Yredelemnul.
  4214 | D:5      | Reached XP level 8. HP: 71/71 MP: 8/8
  4316 | D:5      | Found a shimmering altar of Xom.
  4541 | D:5      | Found a sparkling altar of Nemelex Xobeh.
  4919 | D:5      | Reached skill level 7 in Axes
  4947 | D:5      | Noticed a slime creature
  4947 | D:5      | Noticed a slime creature
  4959 | D:5      | HP: 5/106 [large slime creature (28)]
  4960 | D:5      | Mangled by a large slime creature

Illustrated notes

Levels and vault maps discovered:
D:1:      matt_arrival_grand_opening, layout_loops_ring,
          hellmonk_ecumenical_altar_crossroads, nicolae_titane
D:2:      layout_basic
D:3:      kennysheep_the_goblin_king, layout_rooms, serial_glass,
          glass_columns_a, glass_columns_a
D:4:      minmay_spotlight, layout_gridville, mainiacjoe_overflow_cross_hatched,
          mainiacjoe_overflow_small_starburst, enter_ossuary_4,
          corexii_item_surrounded_by_moat
D:5:      cheibrodos_fertilizer, layout_basic,
          worldfamousw_hep_ancestral_shrine, nemelex_spade_bored_becter,
          nicolae_yredelemnul_ghost_church, amcnicky_altar_gilded

Skill      XL: |  1  2  3  4  5  6  7  8 |
---------------+-------------------------+-----
Axes           | 3 4 5 6 7 |  7.0
Fighting       | 4 5 6 |  6.9
Shields        | 4 5 6 |  6.4
Armour         | 4 5 6 |  6.4

Action                   |  1- 3 |  4- 6 |  7- 9 || total
-------------------------+-------+-------+-------++-------
Melee: War axe           |   123 |   160 |   156 ||   439
  Use: Potion            |       |     2 |     2 ||     4
       Scroll            |       |     5 |    12 ||    17
Armor: Plate armour      |    98 |   138 |    80 ||   316
       Scale mail        |     7 |       |       ||     7
       Skin              |       |     7 |     2 ||     9
Dodge: Dodged            |    35 |    72 |    41 ||   148
Block: Buckler           |    31 |    37 |    42 ||   110

Table legend: (Time is in decaauts)
 A = Elapsed time spent in this place.
 B = Non-inter-level travel time spent in this place.
 C = Inter-level travel time spent in this place.
 D = Time resting spent in this place.
 E = Time spent auto-exploring this place.
 F = Levels seen in this place.
 G = Mean time per level.
                   A        B        C        D        E       F      G
               +--------+--------+--------+--------+--------+-----+--------+
         Total |   5093 |   4972 |    121 |    951 |   2978 |   6 |  848.8 |
       Dungeon |   4506 |   4385 |    121 |    734 |   2804 |   5 |  901.2 |
       Ossuary |    586 |    586 |      0 |    217 |    174 |   1 |  586.0 |
               +--------+--------+--------+--------+--------+-----+--------+

Top non-repeatable levels by time:
     D:4: 1053 daAuts
     D:2: 959 daAuts
     D:3: 916 daAuts
     D:5: 850 daAuts
     D:1: 726 daAuts
 Ossuary: 586 daAuts
